AoeStats
← toomuchdog

Golden Pit

508575170Analyzed
1v1 RM · 10d ago on Sep 23, 2026· 32m 27s· 2 players
Game mode
Random Map
Map size
Tiny (2 player)
Population
200
Speed
Normal
Resources
Standard
Victory
Conquest
Starting age
Dark Age
Ending age
Imperial Age
RankedLock teamsTeams togetherTeam positionsShared explorationLock speedFull tech treeHidden civsTurbo modeCheats
Victory
Defeat
🇨🇦 Varangians · Canada
1299
+17
🇨🇦 Byzantines · Canada
1317
-17
Friendly Sword
5:58 Loom
9:18 Feudal Age
9:25 Man-at-Arms
10:20 Double-Bit Axe
11:41 Arson
16:15 Horse Collar
21:20 Castle Age
20:32 Scale Barding Armor
20:38 Forging
21:26 Wheelbarrow
21:38 Bloodlines
23:00 Husbandry
22:57 Gold Mining
27:42 Chain Barding Armor
28:58 Hand Cart
33:16 Iron Casting
toomuchdog
7:44 Loom
9:45 Feudal Age
10:39 Double-Bit Axe
20:14 Castle Age
20:21 Scale Mail Armor
21:15 Bow Saw
23:16 Chain Mail Armor
23:41 Squires
25:12 Forging
31:47 Gambesons
Connection lost

Rejoining the realm…

Still unreachable

The connection could not be restored.

Session expired

The server has moved on; the page needs a fresh start.